 Dungeon Crawl Stone Soup version 0.25-a0-277-g7046ed1b37 (webtiles) character file.

Game seed: 8173650557273991549, levelgen mode: deterministic

51 MoonlitKnight the Sneak (level 3, 0/16 HPs)
             Began as a Spriggan Enchanter on Dec 9, 2019.
             Slain by a gnoll
             ... wielding a +1 spear of venom
              (9 damage)
             ... on level 2 of the Dungeon.
             The game lasted 00:09:03 (1559 turns).

MoonlitKnight the Sneak (Spriggan Enchanter)        Turns: 1559, Time: 00:09:04

Health: 0/16       AC:  2    Str:  4    XL:     3   Next: 57%
Magic:  0/8        EV: 18    Int: 17    God:
Gold:   106        SH:  0    Dex: 16    Spells: 1/7 levels left

rFire    . . .     SeeInvis +   a - +2 dagger (drain)
rCold    . . .     Gourm    .   (shield restricted)
rNeg     . . .     Faith    .   b - +0 robe
rPois    .         Spirit   .   (helmet restricted)
rElec    .         Reflect  .   (no cloak)
rCorr    .         Harm     .   (gloves unavailable)
MR       .....                  (boots unavailable)
Stlth    +++.......             (no amulet)
HPRegen  0.05/turn              (no ring)
MPRegen  0.11/turn              (no ring)

@: very quick
A: very small, unfitting armour, see invisible, herbivore, speed 3, slow
metabolism 2
a: no special abilities


You were on level 2 of the Dungeon.
You were not hungry.

You visited 1 branch of the dungeon, and saw 2 of its levels.

You collected 106 gold pieces.

Inventory:

Hand Weapons
 a - a +2 dagger of draining (weapon)
 k - a +1 dagger
Armour
 b - a +0 robe (worn)
Scrolls
 c - 3 scrolls of remove curse {unknown}
 e - 4 scrolls of identify {unknown}
 f - a scroll of blinking {unknown}
 g - a scroll of amnesia {unknown}
 h - a scroll of immolation {unknown}
 j - a scroll of enchant armour {unknown}
Potions
 i - a potion of curing {unknown}
Comestibles
 d - 6 rations


   Skills:
 - Level 1.1 Short Blades
 - Level 3.0 Dodging
 + Level 5.4 Stealth
 - Level 2.6 Spellcasting
 - Level 4.4 Hexes
 - Level 1.3 Ice Magic


You had one spell level left.
You knew the following spells:

 Your Spells              Type           Power        Failure   Level  Hunger
a - Corona                Hex            ###....      3%          1    #......
b - Ensorcelled Hibernat  Hex/Ice        ##....       9%          2    ##.....
c - Confuse               Hex            ###.....     9%          3    ###....

Your spell library contained the following spells:

 Spells                   Type           Power        Failure   Level  Hunger
 Confusing Touch          Hex            ###...       3%          1    #......
 Tukima's Dance           Hex            ###.....     9%          3    ###....
 Dazzling Flash           Conj/Hex       #.....       22%         3    ###....
 Gell's Gravitas          Tloc           #.........   47%         3    ###....
 Metabolic Englaciation   Hex/Ice        ##........   83%         5    ######.
 Petrify                  Tmut/Erth      #.......     87%         4    #####..
 Yara's Violent Unravell  Hex/Tmut       #.........   90%         5    ######.


Dungeon Overview and Level Annotations

Branches:
Dungeon (2/15)

Altars:


Innate Abilities, Weirdness & Mutations

You are very small and have problems with some larger weapons.
You are too small for most types of armour.
You have supernaturally acute eyesight. (SInv)
You are a herbivore.
You cover ground extremely quickly.
You need to consume almost no food.


Message History

The gnoll appears confused.
Casting: Confuse (safe; 9% risk of failure)
Confirm with . or Enter, or press ? or * to list all spells.
Aiming: Ensorcelled Hibernation (safe; 9% risk of failure)
Press: ? - help, Shift-Dir - straight line, f - gnoll
Aim: a gnoll, wielding a +1 spear of venom (moderately wounded, chance to defeat MR: 51%)
The gnoll resists with some effort.
Casting: Ensorcelled Hibernation (safe; 9% risk of failure)
Confirm with . or Enter, or press ? or * to list all spells.
You don't have enough magic to cast that spell.
The gnoll hits you from afar with a +1 spear of venom!
Casting: Ensorcelled Hibernation (safe; 9% risk of failure)
Confirm with . or Enter, or press ? or * to list all spells.
Aiming: Corona (safe; 3% risk of failure)
Press: ? - help, Shift-Dir - straight line, f/p - gnoll
Aim: a gnoll, wielding a +1 spear of venom (moderately wounded, chance to defeat MR: 63%)
The gnoll is outlined in light.
The gnoll hits you from afar with a +1 spear of venom!
Ouch! That really hurt!
You die...

#.##########.# ##g##
.###.........##.# #.#
........####.##.####.####.#
..........##.##.#..g......#
.###.#.##..>......#.#####.#
#.#####.##.###.#
#.#####.##g# #.# #
#.......##.###.#####.
#.#.########.@.........
#.#.##### #####.#####.
#.......# #...
###.###.############
######.###........#
............#####.#
.###.###.##.# #.# .# #)#
#.##.# #.##########.# .#
#.# #.##.# #............#


You could see a gnoll.

Vanquished Creatures
  2 adders (D:2)
  2 dart slugs
  A leopard gecko (D:1)
  6 bats (D:1)
  A giant cockroach (D:1)
  3 goblins
  2 hobgoblins (D:1)
  3 kobolds
  3 frilled lizards
  5 rats
28 creatures vanquished.

Notes
Turn   | Place    | Note
-------+----------+-------------------------------------------
     0 | D:1      | MoonlitKnight the Spriggan Enchanter began the quest for
                  | the Orb.
     0 | D:1      | Reached XP level 1. HP: 9/9 MP: 5/5
   295 | D:1      | Reached XP level 2. HP: 12/13 MP: 4/6
   311 | D:1      | Learned a level 2 spell: Ensorcelled Hibernation
   997 | D:1      | Reached skill level 1 in Ice Magic
  1256 | D:2      | Reached XP level 3. HP: 16/16 MP: 5/8
  1305 | D:2      | Learned a level 3 spell: Confuse
  1353 | D:2      | Reached skill level 5 in Stealth
  1559 | D:2      | Slain by a gnoll

Levels and vault maps discovered:
D:1:      lordsloth_arrival_two_stooges, layout_basic
D:2:      layout_loops_ring, first_ration

Skill      XL: |  1  2  3 |
---------------+----------+-----
Hexes          | 4 |  4.4
Ice Magic      | 1 |  1.3
Stealth        | 5 |  5.4
Short Blades   | |  1.1
Dodging        | |  3.0
Spellcasting   | |  2.6

Action                   || total
-------------------------++-------
Melee: Dagger            ||    69
 Cast: Corona            ||     8
       Ensorcelled Hiber ||    11
       Confuse           ||     2
 Stab: Sleeping          ||    16
Armor: Robe              ||     9
Dodge: Dodged            ||    55

Table legend:
 A = Non-vault XP
 B = Vault XP
 C = Vault XP percentage of total XP
 D = Non-vault monster count
 E = Vault monster count
 F = Vault count percentage of total count
                 A         B        C        D         E       F
            +---------+---------+-------+---------+---------+-------
      Total |      73 |       0 |   0.0 |      28 |       0 |   0.0
            +---------+---------+-------+---------+---------+-------
        D:1 |      36 |       0 |   0.0 |      20 |       0 |   0.0
        D:2 |      37 |       0 |   0.0 |       8 |       0 |   0.0
            +---------+---------+-------+---------+---------+-------
